 Dungeon Crawl Stone Soup version 0.20-a0-1017-gc3250ce (webtiles) character file.

364 Magifyre the Chopper (level 7, -3/52 HPs)
             Began as a Formicid Fighter on Apr 17, 2017.
             Slain by HankScorpio's ghost (6 damage)
             ... on level 3 of the Dungeon.
             The game lasted 00:07:37 (3317 turns).

Magifyre the Chopper (Formicid Fighter)             Turns: 3317, Time: 00:07:38

Health: -3/52      AC:  6    Str: 23    XL:     7   Next: 0%
Magic:  0/7        EV:  8    Int:  7    God:
Gold:   122        SH:  9    Dex: 10    Spells: 6/6 levels left

rFire    . . .     SeeInvis +   a - +0 war axe
rCold    . . .     Gourm    .   c - +0 shield
rNeg     . . .     Faith    .   b - +0 scale mail
rPois    .         Spirit   +   (helmet unavailable)
rElec    .         Reflect  .   (no cloak)
rCorr    .         Harm     .   (no gloves)
MR       .....                  (no boots)
Stlth    ..........             q - amulet of guardian spirit
Regen    0.2/turn               (no ring)
MPRegen  0.1/turn               (no ring)

@: no status effects
A: permanent stasis, dig shafts and tunnels, four strong arms, antennae 3
a: Dig, Shaft Self


You were on level 3 of the Dungeon.
You were hungry.

You visited 1 branch of the dungeon, and saw 3 of its levels.
You also visited: Sewer.

You collected 122 gold pieces.

Inventory:

Hand Weapons
 a - a +0 war axe (weapon)
 r - a +2 vampiric war axe
Missiles
 n - 5 steel javelins (quivered)
 s - 2 poisoned tomahawks
 u - 4 tomahawks
Armour
 b - a +0 scale mail (worn)
 c - a +0 shield (worn)
Jewellery
 q - an amulet of guardian spirit (around neck)
Scrolls
 h - a scroll of fear {unknown}
 i - a scroll of immolation {unknown}
 j - 4 scrolls of identify {unknown}
 k - a scroll of fog {unknown}
 p - a scroll of blinking {unknown}
 v - a scroll of teleportation {unknown}
 x - a scroll of enchant armour {unknown}
Potions
 d - a potion of might
 e - a potion of agility {unknown}
 l - 3 potions of curing {unknown}
 m - a potion of haste {unknown}
 w - a potion of lignification {unknown}
Comestibles
 f - 2 bread rations
 g - 2 meat rations
 o - a royal jelly
 t - 3 fruits


   Skills:
 - Level 3.2 Fighting
 + Level 6.9 Axes
 - Level 3.2 Armour
 - Level 3.6 Shields


You had 6 spell levels left.
You didn't know any spells.

Dungeon Overview and Level Annotations

Branches:
Dungeon (3/15)

Altars:

Annotations:
D:3 HankScorpio's ghost, amateur GrGl


Innate Abilities, Weirdness & Mutations

You cannot be hasted, slowed, berserked, paralysed or teleported.
You can dig through walls and to a lower floor.
Your four strong arms can wield two-handed weapons with a shield.
You have a pair of large antennae on your head. (SInv)


Message History

You block HankScorpio's ghost's attack. HankScorpio's ghost closely misses you.
You hit HankScorpio's ghost.
HankScorpio's ghost is moderately damaged.
HankScorpio's ghost barely misses you.
You hit HankScorpio's ghost but do no damage.
HankScorpio's ghost is moderately damaged.
HankScorpio's ghost hits you.
* * * LOW HITPOINT WARNING * * *
You hit HankScorpio's ghost but do no damage.
HankScorpio's ghost is moderately damaged.
You block HankScorpio's ghost's attack.
You hit HankScorpio's ghost but do no damage.
HankScorpio's ghost is moderately damaged.
HankScorpio's ghost hits you.
* * * LOW HITPOINT WARNING * * *
You slash HankScorpio's ghost!
HankScorpio's ghost is severely damaged.
HankScorpio's ghost hits you but does no damage.
HankScorpio's ghost hits you!
You die...

#####
#...############
#..............#
#..########.#..#
#..#........#@†#
#..#.########W.#
####..# #..#
##....# #..#
......# #..#
......# #..#
......# #..#
......# #..#
.........


You could see HankScorpio's ghost.

Vanquished Creatures
  2 bullfrogs (Sewer)
  9 adders
  12 oozes
  2 worms
  8 leopard geckos
  5 orcs (D:3)
  3 bats
  15 giant cockroaches
  6 goblins
  2 hobgoblins (D:1)
  2 jackals
  2 kobolds (D:1)
  A quokka (D:3)
  6 ball pythons (Sewer)
  11 frilled lizards
  6 rats
92 creatures vanquished.

Notes
Turn   | Place    | Note
-------+----------+-------------------------------------------
     0 | D:1      | Magifyre the Formicid Fighter began the quest for the Orb.
     0 | D:1      | Reached XP level 1. HP: 18/18 MP: 1/1
    29 | D:1      | Reached XP level 2. HP: 21/24 MP: 2/2
   146 | D:1      | Reached skill level 3 in Axes
   400 | D:1      | Reached XP level 3. HP: 29/29 MP: 3/3
   959 | D:2      | Reached skill level 4 in Axes
   959 | D:2      | Reached XP level 4. HP: 20/35 MP: 4/4
  1234 | D:3      | Found a glowing drain.
  1315 | Sewer    | Entered a sewer
  1962 | Sewer    | Reached XP level 5. HP: 34/41 MP: 5/5
  2086 | Sewer    | Reached skill level 5 in Axes
  2563 | Sewer    | Reached XP level 6. HP: 47/47 MP: 6/6
  2587 | Sewer    | Reached skill level 6 in Axes
  3283 | D:3      | Noticed HankScorpio's ghost (amateur GrGl)
  3286 | D:3      | Reached XP level 7. HP: 52/52 MP: 7/7
  3317 | D:3      | Slain by HankScorpio's ghost

Vault maps used:
D:1:      tarquinn_simple_flora_water_c, minmay_door_square
D:3:      first_bread, gup_sewer_entry_glass, hangedman_decor_slide_cut,
          nrook_loot_triangle, minmay_stone_trees_medium, minivault_27
Sewer:    sewer_frog_island_02

Skill      XL: |  1  2  3  4  5  6 |
---------------+-------------------+-----
Axes           | 3 4 5 6 |  6.9
Fighting       | |  3.2
Armour         | |  3.2
Shields        | |  3.6

Action                   |  1- 3 |  4- 6 |  7- 9 || total
-------------------------+-------+-------+-------++-------
Melee: War axe           |    90 |   231 |    30 ||   351
  Eat: Chunk             |       |     8 |       ||     8
Armor: Scale mail        |    50 |   117 |     9 ||   176
Dodge: Dodged            |    24 |    96 |     8 ||   128
Block: Shield            |    66 |   129 |    11 ||   206
